 Dungeon Crawl Stone Soup version 0.29-a0-221-gceb61267dd (webtiles) character file.

Game seed: 18000132394910467722

12679 shoop the Markself (level 11, -5/62 HPs)
             Began as a Deep Elf Arcane Marksman on Feb 26, 2022.
             Was a Priest of Fedhas.
             Killed by divine providence
             ... invoked by a meliai
              (16 damage)
             ... in a Gauntlet.
             The game lasted 00:46:19 (14350 turns).

shoop the Markself (Deep Elf Arcane Marksman)      Turns: 14350, Time: 00:46:20

Health: -5/62      AC: 17    Str:  7    XL:     11   Next: 65%
Magic:  14/23      EV: 15    Int: 21    God:    Fedhas [***...]
Gold:   489        SH:  0    Dex: 17    Spells: 13/24 levels left

rFire   . . .      SeeInvis .   a - +4 shortbow
rCold   . . .      Faith    .   (shield currently unavailable)
rNeg    . . .      Spirit   .   d - +2 robe {rC+}
rPois   .          Reflect  .   (no helmet)
rElec   .          Harm     .   s - +2 cloak {rCorr}
rCorr   +          Rampage  .   z - +0 pair of gloves
Will    +....      NoTele   +   x - +0 pair of boots
Stlth   ++........              D - amulet of magic regeneration
HPRegen 0.20/turn               J - ring of Bintirph {rC- rCorr AC+4 Slay+5}
MPRegen 0.58/turn               F - +4 ring of protection

@: studying Ice Magic
A: no striking features
a: Renounce Religion, Wall of Briars, Grow Ballistomycete


You were in a Gauntlet.
You worshipped Fedhas.
Fedhas was most pleased with you.
You visited 2 branches of the dungeon, and saw 13 of its levels.
You also visited: Gauntlet.

You collected 743 gold pieces.
You spent 254 gold pieces at shops.

Inventory:

Hand Weapons
 a - a +4 shortbow (weapon)
 v - a +0 shortbow
Missiles
 l - a throwing net
Armour
 b - a +0 robe
 d - a +2 robe of cold resistance (worn)
 s - a +2 cloak of preservation (worn)
 w - a scarf of repulsion
 x - a +0 pair of boots (worn)
 z - a +0 pair of gloves (worn)
 B - the +1 robe "Meiczon" {SInv}
   (You bought it in a shop on level 7 of the Dungeon)

   SInv:      It lets you see invisible.
Jewellery
 g - a ring of ice
 p - a ring of protection from fire
 t - a ring of protection from cold
 y - a +6 ring of intelligence
 C - a +6 ring of dexterity
 D - an amulet of magic regeneration (around neck)
 F - a +4 ring of protection (right hand)
 J - the ring of Bintirph (left hand) {rC- rCorr AC+4 Slay+5}
   (You found it on level 10 of the Dungeon)

   [ring of protection]

   AC:        It affects your AC (+4).
   Slay:      It affects your accuracy & damage with ranged weapons and melee
   (+5).
   rC:        It makes you vulnerable to cold.
   rCorr:     It protects you from acid and corrosion.
 N - a +6 ring of dexterity
Wands
 G - a wand of paralysis (4)
 H - a wand of digging (13)
 I - a wand of mindburst (6)
 Q - a wand of polymorph (3)
 R - a wand of iceblast (6)
Scrolls
 c - a scroll of holy word
 e - 2 scrolls of blinking
 f - 2 scrolls of fog
 h - 2 scrolls of enchant armour
 j - 5 scrolls of teleportation
 k - 2 scrolls of immolation
 m - 3 scrolls of fear
 o - 2 scrolls of enchant weapon
 q - a scroll of noise {unknown}
 E - 2 scrolls of amnesia
 O - a scroll of acquirement
Potions
 i - 5 potions of brilliance
 n - a potion of flight
 r - a potion of attraction
 u - a potion of curing
 A - 5 potions of lignification
 K - 2 potions of haste {unknown}
 L - a potion of invisibility
 M - a potion of heal wounds
 P - a potion of resistance
 S - 2 potions of mutation


   Skills:
 + Level 4.3 Fighting
 - Level 16.0 Bows
 + Level 5.4 Dodging
 - Level 3.0 Stealth
 - Level 7.0 Spellcasting
 - Level 8.0 Hexes
 - Level 2.0 Translocations
 - Level 2.0 Fire Magic
 + Level 9.7 Invocations
 - Level 3.0 Evocations


You had 13 spell levels left.
You knew the following spells:

 Your Spells              Type           Power      Damage    Failure   Level
a - Slow                  Hex            100%       N/A       1%          1
c - Inner Flame           Hex/Fire       28%        N/A       3%          3
f - Cause Fear            Hex            20%        N/A       3%          4
r - Portal Projectile     Hex/Tloc       56%        N/A       3%          3

Your spell library contained the following spells:

 Spells                   Type           Power      Damage    Failure   Level
 Animate Skeleton         Necr           14%        N/A       9%          1
 Pain                     Necr           28%        1d5       9%          1
 Conjure Flame            Conj/Fire      11%        6-21      17%         3
 Ignite Poison            Fire/Tmut/Pois 10%        N/A       21%         3
 Vampiric Draining        Necr           7%         2d6       26%         3
 Sticky Flame             Conj/Fire      11%        2d3       50%         4
 Olgreb's Toxic Radiance  Pois           7%         N/A       65%         4
 Conjure Ball Lightning   Conj/Air       3%         3x3d6     100%        6
 Ozocubu's Refrigeration  Ice            3%         4d5       100%        7
 Discord                  Hex            20%        N/A       100%        8
 Disjunction              Tloc           7%         N/A       100%        8
 Ignition                 Fire           7%         3d5       100%        8


Dungeon Overview and Level Annotations

Branches:
Dungeon (12/15)            Temple (1/1) D:6            Lair (0/6) D:10
    Orc (0/2) D:12        Gauntlet (1/1)

Altars:
Ashenzari
Cheibriados
Dithmenos
Elyvilon
Fedhas
Gozag
Hepliaklqana
Kikubaaqudgha
Makhleb
Nemelex Xobeh
Okawaru
Qazlal
Ru
Sif Muna
Trog
Uskayaw
Vehumet
Wu Jian
Xom
Yredelemnul
Zin
The Shining One

Shops:
D:2 *   D:5 *   D:7 [

Annotations:
D:4 Natasha
D:7 2 transporters, Hubris850's ghost, novice MfTm
D:9 Erolcha
D:11 exclusions: death knight, door, freezing wraith and 1 more exclusion Gauntlet 7 transporters, 2 runed translucent doors


Message History

* * * LOW HITPOINT WARNING * * *
You feel much better. The meliai hits you but does no damage.
The meliai misses you. The meliai hits you with a +0 war axe.
The meliai barely misses you.
Okay, then.
Unknown command.
Casting: Cause Fear (dangerous; 3% risk of failure)
Confirm with . or Enter, or press ? or * to list all spells.
Casting: Cause Fear (dangerous; 3% risk of failure)
Press: ? - help, Dir - look around, f - activate The meliai looks frightened! x2; The meliai hits you but does no damage.
The meliai stings you but does no damage.
The meliai hits you but does no damage. The meliai stings you!
Unknown command.
Aiming: Iceblast
Press: ? - help, Shift-Dir - straight line, f - meliai
Aim: a meliai, wielding a +0 war axe and wearing a +0 robe (almost dead, fleeing)
The mass of ice explodes!
The iceblast engulfs the meliai!
You kill the meliai!
Fedhas appreciates your contribution to the ecosystem.
The iceblast engulfs the meliai!
The meliai is heavily wounded.
Your attack snaps the meliai out of its fear.
The meliai hits you with a +0 hand axe. The meliai barely misses you.
The meliai invokes the aid of its god against you.
Something smites you!
* * * LOW HITPOINT WARNING * * *
The meliai misses you. The meliai completely misses you.
Aiming: Iceblast
Press: ? - help, Shift-Dir - straight line The mass of ice explodes!
The iceblast engulfs the meliai!!
You kill the meliai!
Fedhas appreciates your contribution to the ecosystem.
The meliai seems to regain its courage.
The meliai completely misses you. The meliai stings you.
* * * LOW HITPOINT WARNING * * *
The meliai mumbles some strange prayers to its god against you.
Something smites you!
You die...
Fedhas appreciates your contribution to the ecosystem.

#......#
#####.©..©.###########
#≈#≈########§#§#≈#≈#≈##
...............§......##
.......∩..............§#
#######..###########..##
[.©[[.#..#..[)©$...#..§#
####..#..#.##..y##.#.§##
#...#.#..#.#.###@#.#..§#
#.©.#.#..#..##.##..#..##
#...#.#..#....©....#..≈#
.####.#..#y.##.##))#..##
s.....#..#.#.###.#.#..≈#
#######..#.##...##.#.§##
.#©#.....#.........#..§#
.#©#.....###########.§##
#######......#©#......≈#


You could see a meliai.

Vanquished Creatures
  A hydra (D:12)
  2 two-headed ogres
  A shining eye (Gauntlet)
  A cyclops (D:12)
  A manticore (D:12)
  Joseph (D:10)
  A torpor snail (Gauntlet)
  An unseen horror (D:11)
  A kobold demonologist (D:6)
  A komodo dragon (D:10)
  3 trolls
  2 meliai (Gauntlet)
  A vampire (D:9)
  2 wraiths (D:11)
  A yak (D:10)
  2 wyverns
  A golden eye (Gauntlet)
  2 vampire mosquitoes (D:10)
  4 steam dragons
  A floating eye (Gauntlet)
  A water moccasin (D:9)
  8 orc warriors
  2 ice beasts
  2 black bears
  4 wolves (Gauntlet)
  6 ogres
  6 centaurs
  5 kobold brigands
  6 bullfrogs
  A scorpion (D:3)
  13 killer bees
  14 wights
  4 howler monkeys
  7 orc priests
  5 jellies
  A gnoll shaman (D:7)
  Crazy Yiuf (D:4)
  3 hounds
  3 iguanas
  9 orc wizards
  6 adders
  7 gnolls
  2 white imps (D:7)
  3 worms
  A dart slug (D:1)
  28 orcs
  3 bats
  7 endoplasms
  2 giant cockroaches
  10 hobgoblins
  19 kobolds
  2 quokkas
  13 ball pythons
  A frilled lizard (D:2)
  2 goblins
  2 rats (D:1)
239 creatures vanquished.

Vanquished Creatures (others)
  21 fungi
  18 plants (D:10)
39 creatures vanquished.

Grand Total: 278 creatures vanquished

Notes
Turn   | Place    | Note
-------+----------+-------------------------------------------
     0 | D:1      | shoop the Deep Elf Arcane Marksman began the quest for the
                  | Orb.
     0 | D:1      | Reached XP level 1. HP: 11/11 MP: 5/5
    19 | D:1      | Reached skill level 1 in Stealth
    56 | D:1      | Reached XP level 2. HP: 16/16 MP: 7/7
   209 | D:1      | Reached skill level 3 in Bows
   637 | D:1      | Reached XP level 3. HP: 20/20 MP: 8/8
   641 | D:1      | Learned a level 3 spell: Inner Flame
   651 | D:2      | Found a faded altar of an unknown god.
   684 | D:2      | Found Guzaugro's Assorted Antiques.
  1724 | D:3      | Reached skill level 1 in Fire Magic
  1724 | D:3      | Reached XP level 4. HP: 9/24 MP: 8/10
  2555 | D:4      | Noticed an ogre
  2561 | D:4      | Killed an ogre
  2562 | D:4      | Reached skill level 4 in Bows
  2562 | D:4      | Reached skill level 5 in Hexes
  2562 | D:4      | Reached skill level 1 in Fighting
  2562 | D:4      | Reached XP level 5. HP: 29/29 MP: 9/11
  2567 | D:4      | Learned a level 4 spell: Cause Fear
  2648 | D:4      | Noticed an ogre
  2709 | D:4      | HP: 1/29 [something/magic dart (6)]
  3161 | D:4      | Noticed an ogre
  3450 | D:4      | Noticed an orc warrior
  3700 | D:3      | Reached XP level 6. HP: 34/34 MP: 12/14
  3780 | D:4      | Reached skill level 5 in Spellcasting
  4026 | D:4      | Noticed Natasha
  4085 | D:4      | Found a runed translucent door.
  4086 | D:4      | Noticed Crazy Yiuf
  4259 | D:4      | Reached XP level 7. HP: 38/38 MP: 13/17
  4738 | D:4      | Killed Crazy Yiuf
  4814 | D:5      | Entered Level 5 of the Dungeon
  4844 | D:5      | Learned a level 3 spell: Portal Projectile
  4864 | D:5      | Found Jurgheul's General Store.
  4869 | D:5      | Bought a scroll of identify for 28 gold pieces
  5152 | D:5      | Reached skill level 1 in Translocations
  5188 | D:5      | Found a bloodstained altar of Trog.
  5379 | D:5      | Reached skill level 5 in Bows
  5637 | D:5      | Reached XP level 8. HP: 34/43 MP: 14/19
  5646 | D:5      | Reached skill level 6 in Bows
  6083 | D:6      | Reached skill level 7 in Bows
  6090 | D:6      | Reached skill level 8 in Bows
  6118 | D:6      | Found a staircase to the Ecumenical Temple.
  6232 | Temple   | Entered the Ecumenical Temple
  6663 | D:6      | Noticed a kobold demonologist
  6740 | D:5      | Reached skill level 9 in Bows
  6874 | D:6      | Found a blossoming altar of Fedhas.
  7060 | D:6      | Reached skill level 10 in Bows
  7107 | D:6      | Reached XP level 9. HP: 50/50 MP: 16/20
  7185 | D:6      | Killed a kobold demonologist
  7186 | D:6      | Reached skill level 11 in Bows
  7516 | D:7      | Reached skill level 12 in Bows
  7973 | D:6      | Became a worshipper of Fedhas Madash
  8028 | D:7      | Reached skill level 13 in Bows
  8062 | D:7      | Found Jeyvee's Antique Armour Emporium.
  8277 | D:7      | Found a transporter.
  8286 | D:7      | Found a transporter.
  8286 | D:7      | Noticed Hubris850's ghost (novice MfTm)
  8699 | D:2      | Bought 3 fuming grey potions for 59 gold pieces
  8699 | D:2      | Bought a fuming grey potion for 19 gold pieces
  8863 | D:7      | Bought a slimy robe for 148 gold pieces
  8863 | D:7      | Identified the +1 robe "Meiczon" {SInv} (You bought it in a
                  | shop on level 7 of the Dungeon)
  8885 | D:8      | Noticed a gargoyle
  8996 | D:8      | Found an opulent altar of Gozag.
  9221 | D:8      | Reached * piety under Fedhas
  9222 | D:8      | Reached skill level 14 in Bows
  9709 | D:8      | Reached XP level 10. HP: 56/56 MP: 18/21
  9961 | D:9      | Reached skill level 1 in Invocations
 10183 | D:9      | Found an iron altar of Okawaru.
 10184 | D:9      | Found a sacrificial altar of Ru.
 10185 | D:9      | Found a white marble altar of Elyvilon.
 10516 | D:9      | Noticed Erolcha
 10643 | D:9      | Reached skill level 1 in Evocations
 10819 | D:9      | Reached skill level 15 in Bows
 11403 | D:10     | Entered Level 10 of the Dungeon
 11405 | D:10     | Reached ** piety under Fedhas
 11473 | D:10     | Noticed Joseph
 11590 | D:10     | Noticed a two-headed ogre
 11607 | D:10     | Killed a two-headed ogre
 11933 | D:10     | Identified the ring of Bintirph {rC- rCorr AC+4 Slay+5}
 12121 | D:10     | Reached skill level 16 in Bows
 12200 | D:10     | Reached skill level 5 in Invocations
 12512 | D:10     | Killed Joseph
 12673 | D:10     | Found a staircase to the Lair.
 12802 | D:11     | Reached XP level 11. HP: 53/60 MP: 22/22
 12979 | D:11     | Noticed a two-headed ogre
 12991 | D:11     | Killed a two-headed ogre
 13034 | D:11     | Identified a scroll of acquirement
 13257 | D:11     | Reached *** piety under Fedhas
 13315 | D:11     | Found a stormy altar of Qazlal.
 13430 | D:11     | Identified the +6 rapier "Tegie" {venom, Drain rPois rC+}
 13545 | D:11     | Noticed a death knight
 13605 | D:12     | Found a gate leading to a gauntlet.
 13637 | D:12     | Found a staircase to the Orcish Mines.
 13856 | D:12     | Noticed a seven-headed hydra
 13869 | D:12     | Killed a seven-headed hydra
 13895 | Gauntlet | Entered a Gauntlet
 13895 | Gauntlet | Found a transporter.
 13895 | Gauntlet | Found a transporter.
 13895 | Gauntlet | Found a transporter.
 13916 | Gauntlet | Found a transporter.
 13932 | Gauntlet | Found a transporter.
 13935 | Gauntlet | Found a transporter.
 13942 | Gauntlet | Noticed a shining eye
 13951 | Gauntlet | Found a transporter.
 13967 | Gauntlet | Noticed a wolf spider
 13970 | Gauntlet | Found a transporter.
 13971 | Gauntlet | Noticed a storm dragon
 13973 | Gauntlet | Found a transporter.
 13973 | Gauntlet | Noticed an azure jelly
 13973 | Gauntlet | a storm dragon changed into an azure jelly
 13975 | Gauntlet | Noticed a quicksilver ooze
 13975 | Gauntlet | an azure jelly changed into a quicksilver ooze
 13976 | Gauntlet | Found a transporter.
 13976 | Gauntlet | Noticed an emperor scorpion
 13976 | Gauntlet | a quicksilver ooze changed into an emperor scorpion
 13980 | Gauntlet | Found a runed translucent door.
 13980 | Gauntlet | Found a runed translucent door.
 13980 | Gauntlet | an emperor scorpion changed into something unseen
 13982 | Gauntlet | Noticed a death yak
 13985 | Gauntlet | Noticed an entropy weaver
 13985 | Gauntlet | a death yak changed into an entropy weaver
 13986 | Gauntlet | Noticed a bunyip
 13986 | Gauntlet | an entropy weaver changed into a bunyip
 13992 | Gauntlet | Noticed an ettin
 13992 | Gauntlet | a bunyip changed into an ettin
 13993 | Gauntlet | Noticed an entropy weaver
 13993 | Gauntlet | an ettin changed into an entropy weaver
 14005 | Gauntlet | Noticed a four-headed hydra
 14005 | Gauntlet | an entropy weaver changed into a four-headed hydra
 14006 | Gauntlet | Noticed a storm dragon
 14006 | Gauntlet | a four-headed hydra changed into a storm dragon
 14010 | Gauntlet | a storm dragon changed into something unseen
 14012 | Gauntlet | Noticed a jorogumo
 14015 | Gauntlet | Noticed an entropy weaver
 14015 | Gauntlet | a jorogumo changed into an entropy weaver
 14017 | Gauntlet | Found a transporter.
 14018 | Gauntlet | Noticed a bunyip
 14018 | Gauntlet | an entropy weaver changed into a bunyip
 14020 | Gauntlet | Found a transporter.
 14021 | Gauntlet | Noticed a soul eater
 14305 | Gauntlet | Reached skill level 5 in Dodging
 14320 | Gauntlet | Killed a shining eye
 14350 | Gauntlet | Killed from afar by a meliai

Illustrated notes

Levels and vault maps discovered:
D:1:      wander_arrival_desolate, layout_rooms, minmay_fountain_box,
          minmay_pentomino_q4
D:2:      layout_loops_ring, serial_shops, nicolae_shop_waterfront,
          chequers_ecumenical_altar_island
D:3:      wander_river, layout_loops_cross
D:4:      layout_basic, minmay_liquid_box, uniq_crazy_yiuf_cottage, uniq_natasha
D:5:      layout_basic, bloody_trog, serial_shops, shop_statue,
          minmay_manual_mares
D:6:      layout_basic, nicolae_overflow_hidden_temple,
          minmay_temple_entry_glass
D:7:      layout_basic, gammafunk_ghost_hive, serial_shops,
          nicolae_shop_statue_plus
D:8:      layout_basic, mainiacjoe_overflow_catwalk, kennysheep_generic_room_16
D:9:      layout_stronghold, grunt_temple_overflow_open,
          kennysheep_big_empty_room, uniq_erolcha
D:10:     layout_loops_cross, grunt_lair_entry_orc_guard_hut, nrook_campfire,
          kennysheep_generic_room_4, uniq_joseph
D:11:     layout_basic, serial_bayou_pond_a, grunt_decor_clamped,
          grunt_ministairs_2, nicolae_qazlal_scattered_showers
D:12:     layout_small_grid, david_orc_3, gauntlet_entry_generic
Temple:   nicolae_temple_elliptical
Gauntlet: minmay_gauntlet_mixed_big_or_small [nicolae_gauntlet_arena_x,
          minmay_gauntlet_arena_77_double_cross, gammafunk_gauntlet_arena_mazey,
          minmay_gauntlet_arena_77_shame_cube, gammafunk_gauntlet_arena_corners,
          minmay_gauntlet_arena_77_box, nicolae_gauntlet_exit_dead_adventurers]

Skill      XL: |  1  2  3  4  5  6  7  8  9 10 11 |
---------------+----------------------------------+-----
Stealth        | 2 3 |  3.0
Spellcasting   | 2 3 4 5 6 7 |  7.0
Bows           | 3 4 5 10 14 16 | 16.0
Fire Magic     | 1 2 |  2.0
Hexes          | 5 6 7 8 |  8.0
Fighting       | 1 3 4 |  4.3
Dodging        | 3 5 |  5.4
Translocations | 2 |  2.0
Invocations    | 7 9 |  9.7
Evocations     | 3 |  3.0

Action                   |  1- 3 |  4- 6 |  7- 9 | 10-12 || total
-------------------------+-------+-------+-------+-------++-------
Melee: Unarmed           |       |     7 |       |       ||     7
 Fire: Shortbow          |   115 |   119 |   267 |   255 ||   756
 Cast: Slow              |     6 |    15 |    49 |    40 ||   110
       Cause Fear        |       |     2 |    12 |    13 ||    27
       Inner Flame       |       |     5 |    34 |    30 ||    69
       Portal Projectile |       |       |     1 |     2 ||     3
Invok: Wall of Briars    |       |       |       |     1 ||     1
Evoke: Wand              |       |       |       |     2 ||     2
  Use: Potion            |     1 |     2 |     1 |     2 ||     6
       Scroll            |       |       |    10 |     7 ||    17
Armor: Robe              |    10 |    11 |    13 |    42 ||    76
Dodge: Dodged            |    39 |    16 |    46 |    75 ||   176
       Repelled          |       |       |       |     1 ||     1

Table legend: (Time is in decaauts)
 A = Elapsed time spent in this place.
 B = Non-inter-level travel time spent in this place.
 C = Inter-level travel time spent in this place.
 D = Time resting spent in this place.
 E = Time spent auto-exploring this place.
 F = Levels seen in this place.
 G = Mean time per level.
                   A        B        C        D        E       F      G
               +--------+--------+--------+--------+--------+-----+--------+
         Total |  14401 |  13182 |   1219 |   1645 |   8552 |  14 | 1028.6 |
       Dungeon |  13774 |  12579 |   1195 |   1483 |   8418 |  12 | 1147.8 |
        Temple |    171 |    147 |     24 |      0 |    134 |   1 |  171.0 |
      Gauntlet |    455 |    455 |      0 |    162 |      0 |   1 |  455.0 |
               +--------+--------+--------+--------+--------+-----+--------+

Top non-repeatable levels by time:
     D:4: 1773 daAuts
     D:3: 1655 daAuts
     D:9: 1555 daAuts
     D:5: 1474 daAuts
     D:6: 1451 daAuts
    D:10: 1282 daAuts
     D:2: 972 daAuts
     D:8: 960 daAuts
     D:7: 860 daAuts
    D:11: 795 daAuts
     D:1: 668 daAuts
Gauntlet: 455 daAuts
    D:12: 324 daAuts
  Temple: 171 daAuts
